 Dungeon Crawl Stone Soup version 0.30-a0-586-g23e55c9e0a (webtiles) character file.

Game seed: 5339382534535322642

403 NinjaNoafa the Grasshopper (level 6, 0/51 HPs)
             Began as a Gnoll Warper on Jan 3, 2023.
             Was an Initiate of Gozag.
             Succumbed to a water moccasin's poison
             ... on level 5 of the Dungeon.
             The game lasted 00:08:55 (3846 turns).

NinjaNoafa the Grasshopper (Gnoll Warper)           Turns: 3846, Time: 00:08:55

Health: 0/51       AC:  6    Str: 10    XL:     6   Next: 86%
Magic:  14/14      EV: 14    Int: 14    God:    Gozag
Gold:   181        SH:  0    Dex: 21    Spells: 8/16 levels left

rFire   . . .      SeeInvis +    q - +8 longbow "Zephyr" {speed, Dex+3 SInv}
rCold   + . .      Faith    .    (shield currently unavailable)
rNeg    . . .      Spirit   .    b - +0 leather armour
rPois   .          Reflect  .    y - +2 helmet
rElec   .          Harm     .    (no cloak)
rCorr   .          Rampage  .    (no gloves)
Will    .....                    (no boots)
Stlth   ++                       (no amulet)
HPRegen 0.28/turn                i - +6 ring of dexterity
MPRegen 0.14/turn                x - ring of protection from cold

@: lethally poisoned (0 -> -15), hasted, very quick
A: fangs 1, strong nose, distributed training
a: Renounce Religion, Potion Petition, Call Merchant, Bribe Branch


You were on level 5 of the Dungeon.
You worshipped Gozag.
Gozag was aware of your devotion.
You visited 1 branch of the dungeon, and saw 5 of its levels.

You collected 256 gold pieces.
You paid 75 gold pieces to Gozag.

Inventory:

Hand Weapons
 q - the +8 longbow "Zephyr" (weapon) {speed, Dex+3 SInv}
   (You found it on level 3 of the Dungeon)

   Attacks with this weapon are significantly faster.
   Dex:       It affects your dexterity (+3).
   SInv:      It lets you see invisible.
Missiles
 d - 7 boomerangs of dispersal
 e - 5 stones
 h - 6 poisoned darts
Armour
 b - a +0 leather armour (worn)
 y - a +2 helmet (worn)
Jewellery
 i - a +6 ring of dexterity (left hand)
 r - a ring of see invisible
 x - a ring of protection from cold (right hand)
Scrolls
 f - 3 scrolls of vulnerability
 j - a scroll of amnesia {unknown}
 l - a scroll of immolation {unknown}
 o - a scroll of teleportation
 p - 2 scrolls of fear {unknown}
 t - a scroll of fog {unknown}
 u - a scroll of torment {unknown}
 v - a scroll of noise {unknown}
Potions
 m - 2 potions of brilliance
 w - 2 potions of attraction


   Skills:
 + Level 5.1 Fighting
 + Level 2.2 Short Blades
 + Level 5.1 Long Blades
 + Level 2.2 Axes
 + Level 2.2 Maces & Flails
 + Level 2.2 Polearms
 + Level 2.2 Staves
 + Level 2.2 Ranged Weapons
 + Level 3.4 Throwing
 + Level 3.4 Armour
 + Level 5.1 Dodging
 + Level 2.2 Stealth
 + Level 2.2 Shields
 + Level 2.2 Unarmed Combat
 + Level 5.5 Spellcasting
 + Level 1.8 Conjurations
 + Level 1.8 Hexes
 + Level 1.8 Summonings
 + Level 1.8 Necromancy
 + Level 5.7 Translocations
 + Level 1.8 Transmutations
 + Level 1.8 Fire Magic
 + Level 1.8 Ice Magic
 + Level 1.8 Air Magic
 + Level 1.8 Earth Magic
 + Level 1.8 Poison Magic
 + Level 2.4 Invocations
 + Level 2.2 Evocations


You had 8 spell levels left.
You knew the following spells:

 Your Spells              Type           Power      Damage    Failure   Level
a - Blink                 Tloc           40%        N/A       3%          2
b - Lesser Beckoning      Tloc           40%        N/A       6%          3
c - Teleport Other        Tloc           20%        N/A       6%          3

Your spell library contained the following spells:

 Spells                   Type           Power      Damage    Failure   Level
 Freeze                   Ice            32%        1d5       11%         1
 Vhi's Electric Charge    Tloc/Air       28%        N/A       14%         3
 Ensorcelled Hibernation  Hex/Ice        16%        N/A       16%         2
 Passwall                 Tmut/Erth      6%         N/A       16%         2
 Manifold Assault         Tloc           20%        N/A       21%         4
 Dazzling Flash           Conj/Hex       16%        N/A       30%         3
 Frozen Ramparts          Ice            16%        1d3       30%         3
 Hailstorm                Conj/Ice       8%         3d4       30%         3
 Swiftness                Air            8%         N/A       30%         3
 Iskenderun's Mystic Bla  Conj/Tloc      14%        2d5       43%         4
 Ice Form                 Ice/Tmut       8%         N/A       71%         4
 Starburst                Conj/Fire      4%         6d3       100%        6
 Simulacrum               Ice/Necr       Unusable   N/A       N/A         6

Dungeon Overview and Level Annotations

Branches:
Dungeon (5/15)
 Temple: D:4-7

Altars:
Dithmenos
Gozag
Kikubaaqudgha
Nemelex Xobeh
Zin

Shops:
D:5 *


Innate Abilities, Weirdness & Mutations

You have very sharp teeth.
Your uncanny sense of smell can sniff out nearby items.
Your experience applies equally to all skills.


Message History

You feel very sick.
The water moccasin bites you but does no damage.
You are quite poisoned (34 -> 17).
You are a tree.
Your movement speed is average.
Your attack delay is about 0.9.
Your damage rating with the +8 longbow "Zephyr" {speed, Dex+3 SInv} is about 25 (Base 12 x 127% (Dex) x 112% (Skill) + 8 (Ench)).
Your base attributes are Str 10, Int 14, Dex 12.
You shoot an arrow. The arrow hits the water moccasin.
The water moccasin is almost dead.
You feel very sick.
The water moccasin bites you but does no damage.
The water moccasin bites you.
You are lethally poisoned!
The water moccasin poisons you!
It was a potion of cancellation.
Your magical effects are unravelling.
You feel magically purged.
You feel less wooden.
Your +2 helmet unmelds from your body.
Your +0 leather armour unmelds from your body.
* * * LOW HITPOINT WARNING * * *
You feel very sick. The water moccasin closely misses you.
It was a potion of haste.
You feel yourself speed up.
* * * LOW HITPOINT WARNING * * *
You feel very sick. The water moccasin closely misses you.
Blink to where?
Press: ? - help, Dir - move target, p - water moccasin
Found 20 gold pieces.
Found a glowing silver altar of Zin.
As you read the scroll of blinking, it crumbles to dust.
* * * LOW HITPOINT WARNING * * *
You feel very sick.
Okay, then.
Fire: q) +8 longbow "Zephyr" {speed, Dex+3 SInv}
Press: ? - help, Q - select action, (/) - cycle Shift-Dir - straight line, f - water moccasin
Aim: a water moccasin (translocational energy, almost dead, 57% to hit)
You shoot an arrow.
The arrow barely misses the water moccasin.
You die...
Your body crumbles into a pile of gold.

..." #.≈. .# ..
.#. #$≈O#.# ..
#.≈.# _. #.≈S#
∆ ≈ #.≈.# $
.####?≈.#
≈.#####.....≈.#
##
≈.....$≈≈≈≈≈≈.#
.#
≈≈≈≈≈≈≈@......#
.#
.......########
# ######. #. ..
.# . # #####.#
...#.## #...#.#
#.....##...#.#


You could see a water moccasin.

Vanquished Creatures
  2 ogres
  A hound (D:4)
  A jelly (D:5)
  A gnoll bouda (D:5)
  2 iguanas
  3 gnolls (D:5)
  2 adders
  An ufetubus (D:4)
  2 dart slugs
  An orc (D:5)
  9 ball pythons
  An endoplasm (D:3)
  A giant cockroach (D:2)
  5 goblins
  3 hobgoblins
  2 quokkas (D:3)
  A bat (D:1)
  7 frilled lizards
  12 kobolds
  5 rats
62 creatures vanquished.

Vanquished Creatures (others)
  3 fungi (D:3)
  4 plants (D:3)
7 creatures vanquished.

Grand Total: 69 creatures vanquished

Notes
Turn   | Place    | Note
-------+----------+-------------------------------------------
     0 | D:1      | NinjaNoafa the Gnoll Warper began the quest for the Orb.
     0 | D:1      | Reached XP level 1. HP: 20/20 MP: 6/6
   840 | D:2      | Reached XP level 2. HP: 26/26 MP: 7/7
   863 | D:2      | Learned a level 2 spell: Blink
  1417 | D:3      | Reached skill level 5 in Spellcasting
  1417 | D:3      | Reached XP level 3. HP: 28/31 MP: 7/9
  1619 | D:3      | Reached skill level 1 in Invocations
  1900 | D:3      | Learned a level 3 spell: Lesser Beckoning
  1904 | D:3      | Learned a level 3 spell: Teleport Other
  1946 | D:3      | Found the +8 longbow "Zephyr" {speed, Dex+3 SInv}
  1976 | D:3      | Reached skill level 1 in Short Blades
  1976 | D:3      | Reached skill level 1 in Axes
  1976 | D:3      | Reached skill level 1 in Maces & Flails
  1976 | D:3      | Reached skill level 1 in Polearms
  1976 | D:3      | Reached skill level 1 in Staves
  1976 | D:3      | Reached skill level 1 in Ranged Weapons
  1976 | D:3      | Reached skill level 1 in Stealth
  1976 | D:3      | Reached skill level 1 in Shields
  1976 | D:3      | Reached skill level 1 in Unarmed Combat
  1976 | D:3      | Reached skill level 1 in Evocations
  2043 | D:3      | Found a shadowy altar of Dithmenos.
  2224 | D:3      | Found a faded altar of an unknown god.
  2258 | D:4      | Noticed an ogre
  2261 | D:4      | Killed an ogre
  2262 | D:4      | Reached skill level 1 in Conjurations
  2262 | D:4      | Reached skill level 1 in Hexes
  2262 | D:4      | Reached skill level 1 in Summonings
  2262 | D:4      | Reached skill level 1 in Necromancy
  2262 | D:4      | Reached skill level 1 in Transmutations
  2262 | D:4      | Reached skill level 1 in Fire Magic
  2262 | D:4      | Reached skill level 1 in Ice Magic
  2262 | D:4      | Reached skill level 1 in Air Magic
  2262 | D:4      | Reached skill level 1 in Earth Magic
  2262 | D:4      | Reached skill level 1 in Poison Magic
  2262 | D:4      | Reached XP level 4. HP: 38/38 MP: 11/11
  2262 | D:4      | Reached XP level 5. HP: 43/43 MP: 12/12
  2647 | D:4      | Found an ancient bone altar of Kikubaaqudgha.
  2647 | D:4      | Found a sparkling altar of Nemelex Xobeh.
  3028 | D:5      | Entered Level 5 of the Dungeon
  3028 | D:5      | Noticed a water moccasin
  3421 | D:5      | Reached XP level 6. HP: 50/50 MP: 14/14
  3471 | D:5      | Found Gozag's Platinum Reserve.
  3475 | D:5      | Found an opulent altar of Gozag.
  3509 | D:5      | Became a worshipper of Gozag Ym Sagoz the Greedy
  3516 | D:5      | Reached skill level 5 in Fighting
  3516 | D:5      | Reached skill level 5 in Long Blades
  3516 | D:5      | Reached skill level 5 in Dodging
  3835 | D:5      | Noticed a water moccasin
  3845 | D:5      | Found a glowing silver altar of Zin.
  3846 | D:5      | Succumbed to a water moccasin's poison

Illustrated notes

Levels and vault maps discovered:
D:1:      dpeg_arrival_shrine, layout_loops_ring, chequers_serial_rivers_room_b
D:2:      layout_basic, corexii_shack
D:3:      layout_basic, grunt_dithmenos_smoke,
          shapermc_ecumenical_altar_mp_urbaneastern
D:4:      layout_loops_cross, gammafunk_temple_overflow_statue
D:5:      layout_rooms, nicolae_gozag_zags_fifth_avenue,
          nicolae_overflow_squiral

Skill      XL: |  1  2  3  4  5  6 |
---------------+-------------------+-----
Spellcasting   | 5 |  5.5
Invocations    | 1 2 |  2.4
Short Blades   | 1 2 |  2.2
Axes           | 1 2 |  2.2
Maces & Flails | 1 2 |  2.2
Polearms       | 1 2 |  2.2
Staves         | 1 2 |  2.2
Ranged Weapons | 1 2 |  2.2
Stealth        | 1 2 |  2.2
Shields        | 1 2 |  2.2
Unarmed Combat | 1 2 |  2.2
Evocations     | 1 2 |  2.2
Conjurations   | 1 |  1.8
Hexes          | 1 |  1.8
Summonings     | 1 |  1.8
Necromancy     | 1 |  1.8
Transmutations | 1 |  1.8
Fire Magic     | 1 |  1.8
Ice Magic      | 1 |  1.8
Air Magic      | 1 |  1.8
Earth Magic    | 1 |  1.8
Poison Magic   | 1 |  1.8
Throwing       | 3 |  3.4
Armour         | 3 |  3.4
Fighting       | 5 |  5.1
Long Blades    | 5 |  5.1
Dodging        | 5 |  5.1
Translocations | |  5.7

Action                   |  1- 3 |  4- 6 || total
-------------------------+-------+-------++-------
Melee: Falchion          |   117 |       ||   117
       Bite              |    13 |       ||    13
       Punch             |     2 |       ||     2
 Fire: Longbow           |    10 |    61 ||    71
 Cast: Blink             |     1 |     1 ||     2
       Lesser Beckoning  |       |     2 ||     2
  Use: Scroll            |       |    10 ||    10
       Potion            |       |     3 ||     3
 Stab: Sleeping          |     1 |       ||     1
Armor: Leather armour    |    30 |     9 ||    39
       Skin              |       |     2 ||     2
Dodge: Dodged            |    77 |    33 ||   110

Table legend: (Time is in decaauts)
 A = Elapsed time spent in this place.
 B = Non-inter-level travel time spent in this place.
 C = Inter-level travel time spent in this place.
 D = Time resting spent in this place.
 E = Time spent auto-exploring this place.
 F = Levels seen in this place.
 G = Mean time per level.
                   A        B        C        D        E       F      G
               +--------+--------+--------+--------+--------+-----+--------+
         Total |   3862 |   3342 |    520 |      0 |   2743 |   5 |  772.4 |
       Dungeon |   3862 |   3342 |    520 |      0 |   2743 |   5 |  772.4 |
               +--------+--------+--------+--------+--------+-----+--------+

Top non-repeatable levels by time:
     D:4: 1339 daAuts
     D:3: 895 daAuts
     D:1: 842 daAuts
     D:2: 506 daAuts
     D:5: 279 daAuts
